 Dungeon Crawl Stone Soup version 0.29.0-11-gd7f09526c8 (webtiles) character file.

Game seed: 3764097734438329075

18 SkeletonJelly the Trooper (level 2, -1/26 HPs)
             Began as a Draconian Monk on Sept 6, 2022.
             Was a Priest of Zin.
             Frozen to death by an endoplasm (4 damage)
             ... on level 1 of the Dungeon.
             The game lasted 00:00:58 (606 turns).

SkeletonJelly the Trooper (Draconian Monk)           Turns: 606, Time: 00:00:58

Health: -1/26      AC:  4    Str: 13    XL:     2   Next: 51%
Magic:  2/2        EV: 12    Int: 10    God:    Zin [***...]
Gold:   29         SH:  0    Dex: 13    Spells: 1/1 levels left

rFire   . . .      SeeInvis .   a - +0 falchion
rCold   . . .      Faith    .   (no shield)
rNeg    . . .      Spirit   .   (body armour unavailable)
rPois   .          Reflect  .   (helmet restricted)
rElec   .          Harm     .   (no cloak)
rCorr   .          Rampage  .   (no gloves)
Will    .....                   (no boots)
Stlth   ++........              (no amulet)
HPRegen 0.08/turn               (no ring)
MPRegen 0.08/turn               (no ring)

@: on recite cooldown
A: AC +4, unfitting armour, cold-blooded
a: Renounce Religion, Recite, Vitalisation, Imprison, Donate Gold


You were on level 1 of the Dungeon.
You worshipped Zin.
Zin was most pleased with you.
You visited 1 branch of the dungeon, and saw 1 of its levels.

You collected 32 gold pieces.
You donated 3 gold pieces to Zin.

Inventory:

Hand Weapons
 a - a +0 falchion (weapon)
Scrolls
 c - 3 scrolls of identify {unknown}
Potions
 b - a potion of ambrosia
 d - a potion of attraction {unknown}


   Skills:
 + Level 3.6 Fighting
 * Level 3.6 Long Blades
 - Level 2.6 Dodging
 - Level 1.7 Stealth


You had one spell level left.
You didn't know any spells.
Your spell library was empty.

Dungeon Overview and Level Annotations

Branches:
Dungeon (1/15)

Altars:
Zin


Innate Abilities, Weirdness & Mutations

Your plain brown scales are hard. (AC +4)
You cannot fit into any form of body armour.
You are cold-blooded and may be slowed by cold attacks.


Message History

You take 1 damage, and have 20/26 hp.
You hit the jackal but do no damage.
The jackal bites you but does no damage.
The jackal closely misses you. The jackal misses you.
The jackal closely misses you. x3
You slash the jackal!
You kill the jackal!
The jackal closely misses you.
The jackal bites you but does no damage.
The endoplasm hits you. The jackal barely misses you.
The jackal bites you but does no damage.
You take 3 damage, and have 17/26 hp.
The jackal closely misses you. The jackal attacks as you move away!
The jackal closely misses you. The jackal attacks as you move away!
The jackal closely misses you.
The jackal bites you but does no damage.
Activating: Recite (8% risk of failure)
Press: ? - help, Dir - look around, f - activate You clear your throat and prepare to recite. "For those who would enter Zin's holy bosom..."
The kobold is dazed by your recitation.
The jackal bites you but does no damage.
You hit the jackal but do no damage. "...and live in purity, Zin provideth.
Such is..."
The jackal bites you.
The kobold is lost in a daze.
The jackal barely misses you.
You take 1 damage, and have 16/26 hp.
You hit the jackal.
You kill the jackal! "...the covenant, and such is the way of things."
You finish reciting Ablutions 22:28.
The jackal bites you but does no damage.
Press: ? - help, v - describe, . - travel
Here: a kobold, wielding a +0 short sword and quivering stones (dazed)
The floor.
Unknown command.
Unknown command.
You hit the jackal.
You kill the jackal!
The kobold throws a stone.
The stone barely misses you.
You barely miss the jackal. The jackal bites you. The jackal misses you.
The kobold is lost in a daze.
You take 2 damage, and have 14/26 hp.
You closely miss the jackal. The jackal closely misses you.
The endoplasm freezes you.
You are frozen.
You take 2 damage, and have 12/26 hp.
You are too injured to fight recklessly!
You are too injured to fight recklessly!
You are too injured to fight recklessly!
You are too injured to fight recklessly!
You are too injured to fight recklessly!
You are too injured to fight recklessly!
You are too injured to fight recklessly!
You are too injured to fight recklessly!
You are too injured to fight recklessly!
You are too injured to fight recklessly!
You are too injured to fight recklessly!
You are too injured to fight recklessly!
You are too injured to fight recklessly!
You are too injured to fight recklessly!
You are too injured to fight recklessly!
You are too injured to fight recklessly!
You are too injured to fight recklessly!
You are too injured to fight recklessly!
You are too injured to fight recklessly!
You are too injured to fight recklessly!
You are too injured to fight recklessly!
You are too injured to fight recklessly!
You hit the jackal.
The jackal is heavily wounded.
The jackal bites you but does no damage.
The endoplasm completely misses you. The jackal bites you.
You take 2 damage, and have 10/26 hp.
You closely miss the jackal.
The jackal is moderately wounded.
The jackal barely misses you. The endoplasm barely misses you.
A bat comes into view.
You miss the jackal. You tail-slap the jackal.
The jackal is severely wounded.
The jackal bites you.
The endoplasm hits you but does no damage.
The jackal bites you.
You take 2 damage, and have 8/26 hp.
You hit the jackal.
You kill the jackal!
The kobold throws a stone.
The stone hits you.
* * * LOW HITPOINT WARNING * * *
The endoplasm misses you.
You take 2 damage, and have 6/26 hp.
The bat barely misses you. The kobold hits you but does no damage.
Things that are here:
a jackal corpse; a jackal corpse You hit the kobold but do no damage.
The bat barely misses you. The bat closely misses you.
The kobold hits you with a +0 short sword.
* * * LOW HITPOINT WARNING * * *
The endoplasm freezes you.
You are frozen.
You die...

.. ##.# #.. .?.. ..[ #..#
#.# # ##..# #.# ###.##...#
#..# #.# .......#.# #..#
#.## ##..b###..# ####.##
♣.♣.♣...K@J...# #......
........###...#.####.#..##
♣.♣.♣..#...>..#.........##
######.#..##..######.#.###
##....#>#..##..######.#.#
#
#.....#....##...........#
#
#.....##.#.##.#######.###
# #.#.#.##..............#
# #.#.#......##.#########
#


You could see an endoplasm, a bat and a kobold (dazed).

Vanquished Creatures
  3 endoplasms (D:1)
  A giant cockroach (D:1)
  A hobgoblin (D:1)
  5 jackals (D:1)
  A bat (D:1)
  3 frilled lizards (D:1)
  2 kobolds (D:1)
  A rat (D:1)
17 creatures vanquished.

Notes
Turn   | Place    | Note
-------+----------+-------------------------------------------
     0 | D:1      | SkeletonJelly the Draconian Monk began the quest for the
                  | Orb.
     0 | D:1      | Reached XP level 1. HP: 19/19 MP: 1/1
    16 | D:1      | Found a faded altar of an unknown god.
    57 | D:1      | Prayed at the altar of an unknown god.
    57 | D:1      | Became a worshipper of Zin the Law-Giver
    57 | D:1      | Reached * piety under Zin
    57 | D:1      | Reached ** piety under Zin
   384 | D:1      | Reached XP level 2. HP: 26/26 MP: 2/2
   419 | D:1      | Reached *** piety under Zin
   606 | D:1      | Frozen to death by an endoplasm

Illustrated notes

Levels and vault maps discovered:
D:1:      psy_arrival_statuary, layout_loops_ring,
          dreamdust_ecumenical_altar_statues, chequers_avenue

Action                   || total
-------------------------++-------
Melee: Falchion          ||    51
       Tailslap          ||     2
       Punch             ||     2
Invok: Recite            ||     2
 Stab: Sleeping          ||     1
Armor: Skin              ||    16
Dodge: Dodged            ||    54
